Cogmind - Beta 16.1 @@@ ROGUE MODE // 2026.04.16 @ 12:40:34 Player: Voidling Result: Destroyed by G-34 Mercenary with Small Laser Performance ------------- Evolutions (0) 0 Regions Visited (1) 200 Robots Destroyed (13) 65 Value Destroyed (334) 334 Prototype IDs (2) 40 Alien Tech Used (0) 0 Bonus (0) 0 TOTAL SCORE: 639 Bonus ------- None Cogmind --------- Core Integrity 0/250 Matter 262/300 Energy 100/100 System Corruption 3% Temperature Cool (12) Movement Treading (720) Ox7 Location -10/Materials Parts ------- > --- POWER (1) -------- (None) > --- PROPULSION (2) --- Light Treads > --- UTILITY (2) ------ Cargo Storage Unit > --- WEAPON (2) ------- Small Laser Particle Gun > --- INVENTORY (30) --- Aluminum Leg Heat Sink Improved Heat Sink Small Storage Unit ECM Suite ECM Suite Light Assault Rifle Light Assault Rifle Light Assault Rifle Grenade Launcher Mining Laser Peak State ------------ > --- POWER ------------ Light Nuclear Core > --- PROPULSION ------- Light Treads Aluminum Leg > --- UTILITY ---------- Cargo Storage Unit > --- WEAPON ----------- Light Assault Rifle Light Assault Rifle > --- INVENTORY -------- Aluminum Leg Aluminum Leg Heat Sink Improved Heat Sink Small Storage Unit Small Laser Particle Gun Grenade Launcher Mining Laser [Rating: 10] Favorites ----------- Power Light Nuclear Core Engine Ion Engine Power Core Light Nuclear Core Propulsion Aluminum Leg Treads Light Treads Leg Aluminum Leg Utility Cargo Storage Unit Device Heat Sink Storage Cargo Storage Unit Weapon Light Assault Rifle Energy Gun Medium Laser Ballistic Gun Light Assault Rifle Launcher Grenade Launcher Build | -11 -10 ------- Run | Yrd Mat Slots Evolved . | . . Power . | . . Propulsion . | . . Utility . | . . Weapon . | . . Parts Attached 15 | 6 9 Power 2 | 1 1 Engine 1 | 1 . Core 1 | . 1 Reactor . | . . Propulsion 4 | 2 2 Treads 2 | 2 . Leg 2 | . 2 Wheel . | . . Hover . | . . Flight . | . . Utility 3 | 1 2 Device 1 | . 1 Storage 2 | 1 1 Processor . | . . Hackware . | . . Protection . | . . Artifact . | . . Weapon 6 | 2 4 Energy Gun 3 | 1 2 Energy Cannon . | . . Ballistic Gun 2 | 1 1 Ballistic Cannon . | . . Launcher 1 | . 1 Special Weapon . | . . Impact Weapon . | . . Slashing Weapon . | . . Piercing Weapon . | . . Special Melee Weapon . | . . Unidentified Prototypes . | . . Parts Lost 7 | . 7 Power 2 | . 2 Propulsion 3 | . 3 Utility . | . . Weapon 2 | . 2 Highest Loss Streak 4 | . 4 To Critical Strikes . | . . Average Backups 8 | 2 9 Power . | . . Propulsion 2 | 1 2 Utility 2 | . 3 Weapon 3 | . 3 Tool/Special . | . . Unused Backups 8 | . 8 Power 1 | . 1 Propulsion 3 | . 3 Utility 3 | . 3 Weapon 1 | . 1 Tool/Special . | . . Average Slot Usage (%) 80 | . 80 Engine 2 | . 2 Core 8 | . 8 Treads 9 | . 9 Leg 17 | . 17 Storage 14 | . 14 Energy Gun 5 | . 5 Ballistic Gun 22 | . 22 Peak Build Rating 10 | 6 10 Average Rating 8 | 4 8 On Entrance 3 | . 6 Avg Prop Armor Cover (%) . | . . Naked Turns . | . . Heaviest Build 148 | 13 148 Greatest Support 40 | 40 40 Greatest Overweight (x) 7 | 1 7 Average Overweight (x) 3 | . 4 Largest Inventory Capacity 30 | 8 30 Average Capacity 26 | 7 27 Most Carried 11 | 5 11 Average Carried 8 | 2 9 Final Capacity 30 | 8 30 Final Carried 11 | 4 11 Class Distribution -------------------- 85% | Hauler-Mutant 14% | Mutant Dominant Class ---------------- Hauler-Mutant | -10/Materials Resources | -11 -10 ----------- Run | Yrd Mat Matter Collected 394 | 173 221 Remotely . | . . Salvage Created 344 | . 344 Parts 25 | . 25 Haulers Intercepted . | . . Recyclers Shooed . | . . Parts Field Recycled . | . . Retrieved Matter . | . . Parts Self-Destructed . | . . Prevented . | . . Parts Restored . | . . Kills | -11 -10 ------- Run | Yrd Mat Combat Hostiles Destroyed 13 | . 13 Guns 11 | . 11 AOE 2 | . 2 Classes Destroyed 2 | . 2 Swarmer 6 | . 6 Grunt 7 | . 7 Best Kill Streak 3 | . 3 Combat Bots Only 3 | . 3 Max Kills in Single Turn 2 | . 2 Gunslinging 1 | . 1 Exploded 2 | . 2 Melee . | . . Uniques/NPCs Destroyed . | . . Combat | -11 -10 -------- Run | Yrd Mat Hostile Shots Fired 150 | . 150 Missed 34 | . 34 Hits 116 | . 116 Projectile 116 | . 116 Critical Strikes 2 | . 2 Damage Taken 1162 | . 1162 Core 254 | . 254 Absorbed by Shields . | . . Core Remaining (%) 100 | 100 . Volleys Fired 57 | . 57 Largest 2 | . 2 Hottest 105 | . 105 Shots Fired 114 | . 114 Gun 113 | . 113 Cannon . | . . Launcher 1 | . 1 Special . | . . Kinetic 62 | . 62 Thermal 51 | . 51 Explosive 1 | . 1 Electromagnetic . | . . Robot Hit Streak 8 | . 8 Robot Miss Streak 4 | . 4 Penetration Max . | . . Secondary Targets 2 | . 2 Max Gunslinging Chain 1 | . 1 Shots Hit Robots 70 | . 70 Core Hits 26 | . 26 Critical Kills . | . . Critical Parts Destroyed . | . . Critical Strikes 3 | . 3 Burn 3 | . 3 Melee Attacks . | . . Impact . | . . Slashing . | . . Piercing . | . . Sneak Attacks . | . . Combat Hostiles . | . . Follow-up Attacks . | . . Damage Inflicted 789 | . 789 Guns 703 | . 703 Cannons . | . . Explosions 86 | . 86 Melee . | . . Ramming . | . . Kinetic 312 | . 312 Thermal 391 | . 391 Explosive 86 | . 86 Electromagnetic . | . . Impact . | . . Slashing . | . . Piercing . | . . Highest Corruption 3 | . 3 Average Corruption 2 | . 2 Corruption Purged . | . . Corruption Blocked . | . . Effects 19 | . 19 Message Errors 4 | . 4 Matter Fused 5 | . 5 Heat Flow Errors 1 | . 1 Energy Discharges 4 | . 4 Data Loss (minor) 2 | . 2 Data Loss (major) 2 | . 2 Misfires 1 | . 1 Overload Shots . | . . Overflow Damage . | . . Projectiles . | . . Explosions . | . . Melee . | . . Knockbacks . | . . Impact . | . . Kinetic . | . . Secondary . | . . Self-Inflicted Damage . | . . Shots . | . . Rammed . | . . Targets Rammed . | . . Kicked . | . . Crushed . | . . Highest Temperature 193 | . 193 Average Temperature 58 | . 58 Received Heat Transfer 378 | . 378 Siege Activations . | . . Martial Activations . | . . Shielding Activations . | . . Robots Disrupted . | . . Combat Hostiles . | . . Robots Corrupted . | . . Combat Hostiles . | . . Parts Fried . | . . Impact Corruptions . | . . Robots Melted . | . . Combat Hostiles . | . . Parts Melted 4 | . 4 Heat Transferred 1310 | . 1310 Parts Sabotaged . | . . Parts Stolen . | . . Parts Stripped . | . . Power Chain Reactions . | . . Alert | -11 -10 ------- Run | Yrd Mat Maximum Alert Level . | . . Low Security (%) 100 | 100 100 Level 1 . | . . Level 2 . | . . Level 3 . | . . Level 4 . | . . Level 5 . | . . High Security . | . . Max Security . | . . Peak Influence 122 | . 122 Initial . | . . Average 10 | . 11 Influence Increases 380 | . 380 Destroy 0b10 Robot/C 260 | . 260 Destroy Leader 60 | . 60 Successful Hack 9 | . 9 Disable Machine 15 | . 15 Destroy Structure 6 | . 6 Partial Spotted 15 | . 15 Lose Combat Pursuer 15 | . 15 Influence Decreases 267 | . 267 Time Decay 213 | . 213 Lost Part 54 | . 54 Squads Dispatched 3 | . 3 Investigation 1 | . 1 Extermination . | . . Reinforcement 2 | . 2 Assault . | . . Garrison . | . . Intercept . | . . Searches Triggered . | . . Construction Impeded . | . . Haulers Reinforced . | . . Active Scanning Responses . | . . Cargo Convoy Interrupts . | . . Stealth | -11 -10 --------- Run | Yrd Mat Distress Signals . | . . Communications Jammed . | . . Distress Signals . | . . Times Spotted 21 | . 21 Peak Tracking Total 6 | . 6 Tactical Retreats 1 | . 1 Traps | -11 -10 ------- Run | Yrd Mat Traps Triggered 2 | . 2 Indirectly . | . . Trap Hack Attempts . | . . Triggered . | . . Disarmed . | . . Reprogrammed . | . . Reused . | . . Traps Extracted . | . . Installed . | . . Triggered . | . . Machines | -11 -10 ---------- Run | Yrd Mat Machines Disabled 1 | . 1 Max in Single Turn 1 | . 1 Machines Repaired . | . . Machines Dismantled . | . . Machines Sabotaged . | . . Overloaded Fab Kills . | . . Hacking | -11 -10 --------- Run | Yrd Mat Machines Accessed 3 | . 3 Terminals 3 | . 3 Fabricators . | . . Repair Stations . | . . Recycling Units . | . . Scanalyzers . | . . Garrison Access . | . . Total Hacks 8 | . 8 Successful 4 | . 4 Failed 4 | . 4 Catastrophic 1 | . 1 Database Lockouts . | . . Manual . | . . Terminals 8 | . 8 Fabricators . | . . Repair Stations . | . . Recycling Units . | . . Scanalyzers . | . . Garrison Access . | . . Terminal Hacks 4 | . 4 Record 1 | . 1 Prototype ID Bank 1 | . 1 Branch Access Points 1 | . 1 Alert Level 1 | . 1 Fabricator Hacks . | . . Repair Station Hacks . | . . Recycling Unit Hacks . | . . Scanalyzer . | . . Garrison Access Hacks . | . . Unauthorized Hacks . | . . Terminals . | . . Fabricators . | . . Repair Stations . | . . Recycling Units . | . . Scanalyzers . | . . Garrison Access . | . . Data Cores Recovered . | . . Used . | . . Hacking Detections 3 | . 3 Full Trace Events 1 | . 1 Feedback Events . | . . Feedback Blocked . | . . Robot Schematics Acquired . | . . Robots Built . | . . Authchips . | . . Time . | . . Total Robot Build Rating . | . . Part Schematics Acquired . | . . Parts Built . | . . Authchips . | . . Time . | . . Total Part Build Rating . | . . Part Studies Acquired . | . . Parts Repaired . | . . Time . | . . Parts Recycled . | . . Recycled Matter . | . . Retrieved Matter . | . . Retrieved Components . | . . Parts Scanalyzed . | . . Part Schematics Acquired . | . . Parts Damaged . | . . Bothacking | -11 -10 ------------ Run | Yrd Mat Used RIF Installer . | . . Robots Hacked . | . . Non-combat . | . . Combat . | . . Robot Hacks Applied . | . . Relay Couplers Released . | . . Fabnet Peak Effective % . | . . Robots Rewired . | . . Allies Hacked . | . . Hacks Repelled . | . . Allies | -11 -10 -------- Run | Yrd Mat Total Allies . | . . Largest Group . | . . Highest-Rated Group . | . . Highest-Rated Ally . | . . Total Orders . | . . Ally Attacks . | . . Total Damage . | . . Kills . | . . Allies Corrupted . | . . Allies Melted . | . . Intel | -11 -10 ------- Run | Yrd Mat Active Infowar (turns) . | . . Robot Analysis Total . | . . Derelict Logs Recovered . | . . Drone Launches . | . . Drone Recoveries . | . . Exploration | -11 -10 ------------- Run | Yrd Mat Turns Passed 1818 | 92 1726 Spaces Moved 400 | 57 343 Core 18 | 18 . Treads 209 | 39 170 Legs 173 | . 173 Wheels . | . . Hover . | . . Flight . | . . Fastest Speed 50 | 50 160 Average Speed 404 | 135 448 Slowest Speed 720 | 160 720 Overloaded Moves . | . . Propulsion Burnouts . | . . Robots Hopped . | . . Potential Cave-ins . | . . Cave-ins Triggered . | . . Exploration Rate (%) 31 | 4 58 Regions Visited 1 Branch Regions . Pre-discovered Areas . | . . Known Exits Taken . | . . Unknown Exits Taken 1 | 1 . Scrap Searched . | . . Spaces Dug . | . . Terrain Destroyed 6 | . 6 Melee . | . . Projectile . | . . AOE 6 | . 6 Terrain Rammed . | . . Walls Destroyed . | . . Machines Disabled . | . . Actions | -11 -10 --------- Run | Yrd Mat Total 507 | 72 435 Wait 1 | . 1 Move 399 | 56 343 Hop . | . . Pick Up 28 | 10 18 Fast Attach . | . . Attach 13 | 6 7 Detach . | . . Swap 3 | . 3 Drop 6 | . 6 Fire 57 | . 57 Melee . | . . Ram . | . . Kick . | . . Crush . | . . Escape Stasis . | . . Rewire . | . . Trap . | . . Miscellaneous . | . . Route ------- -11/Scrapyard -10/Materials (discovered 3 exits: [*Mat] / *Min x2) History --------- Turn | Location | Event 10 | -11/Scrapyard | Discovered new exit (range 15) 93 | -11/Scrapyard | Entered Materials 221 | -10/Materials | Identified exit to Mines 574 | -10/Materials | Build established: Hauler-Mutant 728 | -10/Materials | Discovered new exit (range 7) 1723 | -10/Materials | Core integrity fell below 50% 1747 | -10/Materials | Core integrity fell below 20% 1779 | -10/Materials | Lost 4 parts (1p2n1w) 1819 | -10/Materials | Destroyed by G-34 Mercenary with Small Laser Last Messages --------------- System corrupted: Energy discharge (-26). Aluminum Leg destroyed. Lgt. Assault Rifle destroyed. Hadron Collector disabled. S-10 Pest destroyed. Switching to secondary target: S-10 Pest. S-10 Pest destroyed. M-13 Machinist repairs S-10 Pest Flight Unit. S-10 Pest destroyed. Acquired 16 matter. U-05 Engineer lays Concrete. U-05 Engineer builds a Wall. U-05 Engineer lays Concrete. System corrupted: Energy discharge (-28). U-05 Engineer builds a Wall. Acquired Lgt. Assault Rifle. R-06 Scavenger collects Flight Unit. ALERT: Hostiles spotted, dispatching reinforcements to Terminal M007. R-06 Scavenger collects Flight Unit. Map ----- +----------------------------------------------------+ | ?????????????????????##^ ## """ #= """# | | ?????????????????????# # """ + """## | | ?????????????????????# # "" # """## | | ?????????????????????# > +% % # ## | | ?????????????????????# # !% ######### !!! | | ?????????????????????# # # #?# !!! | | ?????????????????????# ### "" # #?# !! | | ?????????????????????# ??# Y" + #?# | | ?????????????????????# ??# "" # % ### | | ?????????????????????# ??# # | | ?????????????????????# ??######### ########### | | ?????????????????????# ??????????# #?????????# | | ?????????????????????# ??????????# #??????#### | | ?????????????????????#k ??????????# #??????# | | ?????????????????????# ????????#### ##?????# | | ?????????????????????# ????????#""" #?????# | | ?????????????????##??# ????????#" #?????# "" | | ?????????????????? ?# ????????#" #?????# "" | | ??????????????????? # g?????? #"" > #?????# "" | | ???????????????????? # ?????" #"! #?????# | | ?????????????????????/g ????" ?#" #?????# | | ??????????????#??????# ???? ?#""" #?????#### | | ?????????????## ???# ?###+###### ########### | | ????????????########## ## # | | ??????????# %r #="""" + | | ??????????# @# """" #^^^ | | ??????????+ m + """ #^^^########### | | ??????????# % # % # #?????????? | | ??????????? # """" # #?????????? | | ??????????? """ # """" # ?????????? | | ???????????? ]]] """ #%"""" # ????????? | | ???????????? ]]] """ #= # ???????? | | ???????????? ]] #################??????? | | ????????????? ?? #??????????????????????? | | ??????????????????? ???????????????????????? | | ??????????????????#### ???????????????????????? | | ?????????????????????# w???????????????????????? | | ?????????????????????# ???????????????????????? | | ?????????????????????#a ???????????????????????? | | ?????????????????????# ???????????????????????? | | ??????????????????????? ???????????????????????? | | ?????????????????????????????????????????????????? | | ?????????????????????????????????????????????????? | | ?????????????????????????????????????????????????? | | ?????????????????????????????????????????????????? | | ?????????????????????????????????????????????????? | | ?????????????????????????????????????????????????? | | ?????????????????????????????????????????????????? | | ?????????????????????????????????????????????????? | | ?????????????????????????????????????????????????? | +----------------------------------------------------+ Best States ------------- Heat Dissipation 25 Energy Generation 14 Energy Capacity 250 Matter Stores 300 Matter Capacity 300 Sight Range 16 Terrain Scan Density 10 Evasion (%) 40 Recoil Reduction 2 Item Schematics ----------------- None Robot Schematics ------------------ None Fabricated ------------ Nothing Repaired ---------- Nothing Studied --------- None Alien Tech Used ----------------- None Achievements -------------- None Challenges ------------ None Game ------ Seed PowerDronePick Manual? 0 Play Time 00:08:57 Cumulative 9.4 hours Start 2026.04.16 @ 12:33:58 End 2026.04.16 @ 12:40:34 Sessions 1 Manual Loads 0 Difficulty Rogue Special Mode None Game No. 31 Rogue 29 Adventurer 2 Explorer 0 Win Type - Total 0 Types 0/0/0/0/0/0/0/0/0/0 Lore% 5 Gallery% 12 Achievement% 11 Wizard Run 0 Options --------- Layout 1 ASCII 0 Keyboard 0 Movement Mouse Keybinds 0 Fullscreen 1 Font 24/Smallcaps Map View 50x40 Zoom Use 0% Tactical HUD 0 Map Filters NONE Filters NONE Steam 1 RUN: 3420b485-9fe4-4ccc-94ed-b193987bbebb